 Dungeon Crawl Stone Soup version 0.31.0-32-g396128a36d (webtiles) character file.

Game seed: 4136456752615030847

11 SacredBeard the Vexing (level 2, -4/20 HPs)
             Began as a Vampire Enchanter on Mar 31, 2024.
             Slain by a goblin
             ... wielding a +0 club
             ... led by Robin
              (6 damage)
             ... on level 2 of the Dungeon.
             The game lasted 00:00:52 (267 turns).

SacredBeard the Vexing (Vampire Enchanter)           Turns: 267, Time: 00:00:53

Health: -4/20      AC:  2    Str:  7    XL:     2   Next: 13%
Magic:  5/5        EV: 12    Int: 17    God:
Gold:   16         SH:  0    Dex: 14    Spells: 5/5 levels left

rFire   . . .        a - +1 dagger
rCold   . . .        (no shield)
rNeg    . . .        b - +0 robe
rPois   .            (no helmet)
rElec   .            (no cloak)
rCorr   .            (no gloves)
SInv    +            (no boots)
Will    .....        (no amulet)
Stlth   +++          (no ring)
HPRegen 0.43/turn    (no ring)
MPRegen 0.09/turn

%: no passive effects
@: healing quickly, invisible
A: alive, fangs 3, see invisible, vampiric 1
a: Exsanguinate


You were on level 2 of the Dungeon.
You visited 1 branch of the dungeon, and saw 2 of its levels.

You collected 16 gold pieces.

Inventory:

Hand Weapons
 a - a +1 dagger (weapon)
Armour
 b - a +0 robe (worn)
Scrolls
 e - a scroll of identify {unknown}
 g - a scroll of enchant armour {unknown}
Potions
 c - a potion of invisibility
 d - a potion of cancellation {unknown}
 f - a potion of mutation {unknown}


   Skills:
 + Level 0.7 Fighting
 * Level 2.1 Short Blades
 - Level 2.1 Dodging
 - Level 4.4 Stealth
 - Level 2.0 Spellcasting
 - Level 4.4 Hexes


You had 5 spell levels left.
You didn't know any spells.
Your spell library contained the following spells:

 Spells                   Type           Power      Damage    Failure   Level
 Confusing Touch          Hex            16%        N/A       10%         3
 Tukima's Dance           Hex            16%        N/A       10%         3
 Ensorcelled Hibernation  Hex/Ice        18%        N/A       12%         2
 Dazzling Flash           Conj/Hex       18%        N/A       24%         3
 Summon Blazeheart Golem  Fire/Summ      1%         N/A       88%         4
 Orb of Destruction       Conj           0%         9d5       100%        7
 Spellforged Servitor     Conj/Summ      0%         N/A       100%        7


Dungeon Overview and Level Annotations

Branches:
Dungeon (1/15)

Altars:

Annotations:
D:2 Robin


Innate Abilities, Weirdness & Mutations

Your natural rate of healing is accelerated.
You have razor-sharp teeth.
You have supernaturally acute eyesight. (SInv)
You are afflicted with vampirism.


Message History

The hobgoblin hits you.
* * * LOW HITPOINT WARNING * * *
Robin throws the goblin at you!
You closely miss the hobgoblin.
The hobgoblin is heavily wounded.
The goblin no longer looks unusually strong.
The goblin closely misses you. The goblin hits you with a +0 dagger.
* * * LOW HITPOINT WARNING * * *
The hobgoblin hits you.
* * * LOW HITPOINT WARNING * * *
The goblin hits you but does no damage.
Robin roars a battlecry!
The goblin goes into a battle-frenzy!
You barely miss the hobgoblin.
The hobgoblin is heavily wounded.
The goblin closely misses you. x2; The hobgoblin closely misses you.
The goblin hits you but does no damage.
You hit the hobgoblin.
The hobgoblin is almost dead.
The goblin no longer looks unusually strong.
The goblin closely misses you. x3; The hobgoblin closely misses you.
Robin roars a battlecry!
The goblin goes into a battle-frenzy!
You hit the hobgoblin but do no damage.
The hobgoblin is almost dead.
The goblin no longer looks unusually strong. x2
The goblin hits you but does no damage. The goblin hits you with a +0 dagger.
* * * LOW HITPOINT WARNING * * *
The hobgoblin closely misses you. The goblin closely misses you.
The hobgoblin shouts!
You hit the hobgoblin.
You kill the hobgoblin!
The goblin barely misses you. x2; The goblin hits you but does no damage.
You hit the endoplasm.
The endoplasm is severely wounded.
The goblin no longer looks unusually strong.
You hit the endoplasm.
You kill the endoplasm!
The goblin barely misses you. The goblin hits you with a +0 club.
You die...

.. .... ..##.. .....
#.... .....
#...########.....
#.............[..
#.............^..
#.####g..............
#.gg)@g..............
#.#g##g...........###
# #............#
############.# #


You could see Robin (unable to see you) and 5 goblins.

Vanquished Creatures
  2 endoplasms
  2 goblins (D:2)
  3 hobgoblins
  2 jackals (D:1)
9 creatures vanquished.

Notes
Turn   | Place    | Note
-------+----------+-------------------------------------------
     0 | D:1      | SacredBeard the Vampire Enchanter began the quest for the
                  | Orb.
     0 | D:1      | Reached XP level 1. HP: 13/13 MP: 3/3
   232 | D:1      | You fall into a shaft and drop 1 floor!
   246 | D:2      | Noticed Robin
   247 | D:2      | Reached XP level 2. HP: 20/20 MP: 5/5
   264 | D:2      | HP: 1/20 [goblin/+0 dagger[Robin] (3)]
   267 | D:2      | Slain by a goblin

Illustrated notes

Levels and vault maps discovered:
D:1:      kennysheep_arrival_forest, layout_basic
D:2:      minmay_alternating_diamond, layout_basic, basic_altar,
          ebering_dispersal_statue_hall, uniq_crazy_yiuf_cottage, uniq_robin

Skill      XL: |  1 |
---------------+----+-----
Short Blades   | 2 |  2.1
Fighting       | |  0.7
Dodging        | |  2.1
Stealth        | |  4.4
Spellcasting   | |  2.0
Hexes          | |  4.4

Action                     || total
---------------------------++-------
  Melee: Dagger            ||    57
         Bite              ||     4
    Use: Potion            ||     1
   Stab: Sleeping          ||     1
 Armour: Robe              ||    38
  Dodge: Dodged            ||    32
